 Dungeon Crawl Stone Soup version 0.29.1-2-gbd0b4ee654 (webtiles) character file.

Game seed: 3570667923450659572

2570 kingsuperguy the Carver (level 9, 0/118 HPs)
             Began as a Minotaur Berserker on Nov 16, 2022.
             Was an Elder of Trog.
             Slain by an orc priest
             ... wielding a +0 mace
              (5 damage)
             ... on level 8 of the Dungeon.
             The game lasted 00:25:10 (7911 turns).

kingsuperguy the Carver (Minotaur Berserker)        Turns: 7911, Time: 00:25:12

Health: 0/118      AC: 24    Str: 30    XL:     9   Next: 32%
Magic:  8/8        EV:  2    Int:  3    God:    Trog [****..]
Gold:   293        SH:  0    Dex:  9    Spells: 8/8 levels left

rFire   . . .      SeeInvis .   d - +2 falchion (holy)
rCold   . . .      Faith    +   (no shield)
rNeg    . . .      Spirit   .   (body armour currently unavailable)
rPois   +          Reflect  .   (helmet currently unavailable)
rElec   .          Harm     .   (cloak currently unavailable)
rCorr   .          Rampage  .   (gloves currently unavailable)
Will    +....      NoTele   +   (boots currently unavailable)
Stlth   ++........              N - amulet of faith
HPRegen 0.29/turn               (no ring)
MPRegen 0.11/turn               (no ring)

@: mighty, brilliant, lethally poisoned (0 -> -3), tree-form, on berserk
cooldown, slowed, very slow
A: stationary, stasis, torment immunity, boosted hp, (horns 2), (retaliatory
headbutt), (iridescent scales 1), strong-willed 1, strong 1
a: Renounce Religion, Berserk, Trog's Hand, Brothers in Arms


You were on level 8 of the Dungeon.
You worshipped Trog.
Trog was greatly pleased with you.
You were a tree.
You visited 1 branch of the dungeon, and saw 8 of its levels.
You also visited: Ossuary.

You collected 348 gold pieces.
You spent 55 gold pieces at shops.

Inventory:

Hand Weapons
 a - a +0 falchion
 d - a +2 falchion of holy wrath (weapon)
 h - a +1 short sword of speed
 r - a +0 sling
 y - a +2 scythe of protection
 D - a +2 mace of protection
 E - a +0 arbalest
 J - a +0 dagger of venom
 K - a +0 long sword of holy wrath
 O - a +0 sling
 Q - a +0 hand axe of electrocution
 T - a +1 antimagic hand axe
Missiles
 H - 13 stones (quivered)
Armour
 b - a +0 animal skin
 m - a +0 pair of boots
 t - the +4 pair of boots of Boboguf (melded) {rF+}
   (You found it on level 2 of the Dungeon)

   rF:        It protects you from fire.
 u - a +0 leather armour (melded)
 C - a +1 robe of willpower
 G - a +0 scale mail
 P - a +2 pair of gloves (melded)
Jewellery
 N - an amulet of faith (around neck)
Wands
 q - a wand of digging (7)
 V - a wand of iceblast (7)
Scrolls
 f - a scroll of brand weapon
 g - a scroll of silence
 l - a scroll of identify
 n - 2 scrolls of immolation
 o - a scroll of enchant weapon
 v - 5 scrolls of teleportation
 w - a scroll of butterflies {unknown}
 A - a scroll of vulnerability {unknown}
 F - a scroll of poison {unknown}
 M - a scroll of magic mapping {unknown}
 R - 2 scrolls of fear
Potions
 c - a potion of invisibility {unknown}
 e - 4 potions of mutation
 i - a potion of might
 j - 3 potions of attraction
 p - 4 potions of degeneration
 x - a potion of magic {unknown}
 z - a potion of berserk rage {unknown}
 B - a potion of cancellation {unknown}
 L - a potion of brilliance
Miscellaneous
 S - a piece from Xom's chessboard (15/15)


   Skills:
 + Level 7.3 Fighting
 + Level 10.9 Long Blades
 + Level 4.6 Armour
 + Level 7.0 Dodging
 + Level 2.6 Stealth


You had 8 spell levels left.
You didn't know any spells.
Your spell library was empty.

Dungeon Overview and Level Annotations

Branches:
Dungeon (8/15)             Temple (0/1) D:6            Lair (0/5) D:8
Ossuary (visited)

Altars:

Shops:
D:1 [   D:5 !

Annotations:
D:8 Erica


Innate Abilities, Weirdness & Mutations

You are a tree.
Your roots penetrate the ground, keeping you stationary.
You cannot be teleported.
You are immune to unholy pain and torment.
Your maximum health is greatly increased.
Your equipment is partially melded.
((You have a pair of horns on your head.))
((You reflexively headbutt those who attack you in melee.))
((You are partially covered in iridescent scales. (AC +2)))
You are strong-willed. (Will+)
Your muscles are strong. (Str +4, Int/Dex -1)


Message History

The bolt of poison hits you!!
You are poisoned.
* * * LOW HITPOINT WARNING * * *
You feel better. Something hits you but does no damage. Something hits you!
* * * LOW HITPOINT WARNING * * *
Something burns you.
* * * LOW HITPOINT WARNING * * *
You feel much better. Something barely misses you.
Blink to where?
Press: ? - help, Dir - move target
Found a runed trident.
As you read the scroll of blinking, it crumbles to dust.
You hear some strange, mumbled words.
A bolt of poison appears from out of thin air!
The bolt of poison hits you!
You are poisoned.
* * * LOW HITPOINT WARNING * * *
Okay, then.
As you read the scroll of teleportation, it crumbles to dust.
You feel strangely unstable.
* * * LOW HITPOINT WARNING * * *
You feel very sick.
It was a potion of might.
You feel very mighty all of a sudden.
Your surroundings suddenly seem different.
Found an escape hatch in the floor.
* * * LOW HITPOINT WARNING * * *
You feel very sick.
The orc priest shouts!
The orc shouts!
It was a potion of brilliance.
You feel clever all of a sudden.
* * * LOW HITPOINT WARNING * * *
You feel sick.
It was a potion of lignification.
You turn into a tree.
Your +2 pair of gloves melds into your body.
The +4 pair of boots of Boboguf {rF+} melds into your body.
Your +0 leather armour melds into your body.
Your roots penetrate the ground.
You feel sick. The orc priest hits you with a +0 mace.
You die...

......#..#..P......
#####.#..##...o......
#...#.#..###........
..........####.....####
###........# #.....>..#
....)......# #........#
...........# #..o.....#
...).......# #..o.....#
...........# #..♣.....#
...†......^# #........#
...).#####.# #........#
.....# .##..########
....... .#.# ........#
#. ........# .
........# .# ........#


You could see an orc priest, an orc wizard and an orc.

Vanquished Creatures
  Sigmund (D:3)
  A wyvern (D:8)
  A basilisk (D:8)
  A yak (D:8)
  A water moccasin (D:6)
  An orc warrior (D:6)
  A sky beast (D:6)
  2 black bears
  A centaur (D:8)
  2 phantoms (D:6)
  A kobold brigand (D:7)
  2 bullfrogs
  3 necrophages
  A gnoll sergeant (D:6)
  2 scorpions
  A howler monkey (D:8)
  2 centaur zombies (Ossuary)
  An orc priest (D:4)
  A jelly (D:6)
  A gnoll bouda (D:4)
  A hound (D:6)
  2 human zombies (Ossuary)
  Jessica (D:3)
  An iguana (D:6)
  4 orc wizards
  2 mummies (Ossuary)
  Robin (D:3)
  9 gnolls
  3 adders
  An adder zombie (Ossuary)
  A worm (D:2)
  A dart slug (D:1)
  18 orcs
  4 bats (D:1)
  2 endoplasms (D:1)
  2 giant cockroaches
  13 goblins
  8 hobgoblins
  8 jackals
  12 kobolds
  5 quokkas
  5 ball pythons
  4 frilled lizards
  A goblin zombie (Ossuary)
  11 hobgoblin zombies (Ossuary)
  A jackal zombie (Ossuary)
  14 kobold zombies (Ossuary)
  3 orc zombies (Ossuary)
  3 rats
  2 rat zombies (Ossuary)
  A spectral goblin (D:1)
171 creatures vanquished.

Vanquished Creatures (others)
  An endoplasm (D:1)
  2 fungi (D:8)
  A plant (D:8)
4 creatures vanquished.

Grand Total: 175 creatures vanquished

Notes
Turn   | Place    | Note
-------+----------+-------------------------------------------
     0 | D:1      | kingsuperguy the Minotaur Berserker began the quest for the
                  | Orb.
     0 | D:1      | Reached XP level 1. HP: 19/19 MP: 0/0
   257 | D:1      | Found Jasear Ellub's Armour Emporium.
   308 | D:1      | Reached skill level 4 in Long Blades
   308 | D:1      | Reached XP level 2. HP: 26/27 MP: 1/1
   370 | D:1      | Found a faded altar of an unknown god.
   758 | D:1      | Reached ** piety under Trog
  1065 | D:1      | Reached XP level 3. HP: 24/33 MP: 2/2
  2205 | D:2      | Identified the +4 pair of boots of Boboguf {rF+}
  2824 | D:3      | Noticed Sigmund
  2846 | D:3      | Reached XP level 4. HP: 26/41 MP: 3/3
  2847 | D:3      | Killed Sigmund
  2848 | D:3      | Reached skill level 5 in Fighting
  2848 | D:3      | Reached skill level 5 in Long Blades
  2848 | D:3      | Reached skill level 1 in Stealth
  2848 | D:3      | Reached XP level 5. HP: 46/48 MP: 4/4
  2977 | D:3      | Noticed Robin
  2982 | D:3      | Killed Robin
  3091 | D:3      | Noticed Jessica
  3096 | D:3      | Killed Jessica
  3097 | D:3      | Reached XP level 6. HP: 56/56 MP: 5/5
  3963 | D:4      | Reached skill level 6 in Long Blades
  4560 | D:5      | Entered Level 5 of the Dungeon
  4798 | D:5      | Found a sand-covered staircase.
  4806 | Ossuary  | Entered an ossuary
  4836 | Ossuary  | Reached *** piety under Trog
  4932 | Ossuary  | Reached XP level 7. HP: 61/61 MP: 6/6
  4961 | Ossuary  | Reached skill level 7 in Long Blades
  5329 | D:5      | Found Teokk's Distillery.
  5338 | D:5      | Bought a potion of heal wounds for 55 gold pieces
  5348 | D:5      | Identified the +1 robe "Ykhleica" {rPois rCorr Str+3}
  5904 | D:6      | Reached skill level 5 in Dodging
  5986 | D:6      | Found a staircase to the Ecumenical Temple.
  6224 | D:6      | Reached skill level 8 in Long Blades
  6231 | D:6      | Reached XP level 8. HP: 61/70 MP: 7/7
  6308 | D:6      | Reached **** piety under Trog
  6634 | D:5      | Gained mutation: You have large cloven feet. [potion of
                  | mutation]
  6634 | D:5      | Gained mutation: You are robust. (+10% HP) [potion of
                  | mutation]
  6635 | D:5      | Lost mutation: You are robust. (+10% HP) [potion of
                  | mutation]
  6635 | D:5      | Lost mutation: You have large cloven feet. [potion of
                  | mutation]
  6635 | D:5      | Gained mutation: Your muscles are strong. (Str +4, Int/Dex
                  | -1) [potion of mutation]
  6635 | D:5      | Gained mutation: You are strong-willed. (Will+) [potion of
                  | mutation]
  6635 | D:5      | Gained mutation: You are partially covered in iridescent
                  | scales. (AC +2) [potion of mutation]
  6884 | D:6      | Reached skill level 9 in Long Blades
  7545 | D:8      | Reached skill level 10 in Long Blades
  7545 | D:8      | Reached XP level 9. HP: 79/79 MP: 8/8
  7605 | D:8      | Found a staircase to the Lair.
  7869 | D:8      | Noticed Erica
  7910 | D:8      | HP: 3/79 [poisoned by Erica (bolt of poison)]
  7911 | D:8      | Slain by an orc priest

Illustrated notes

Levels and vault maps discovered:
D:1:      dpeg_cavernosity, layout_loops_ring, serial_shops,
          nicolae_shop_behind_doors, dreamdust_ecumenical_altar_drowned_temple,
          lemuel_flame_loot_1
D:2:      layout_loops_ring, nicolae_underground_beach
D:3:      layout_rooms, grunt_decor_resistance, uniq_sigmund, uniq_jessica,
          uniq_robin
D:4:      layout_layer_cave
D:5:      layout_cave_pools, serial_shops, nicolae_diamond_shop,
          nicolae_ossuary_entry_plus, hangedman_abyss_or_decor_lesser_grid
D:6:      layout_loops_corners, minmay_temple_entry_crystal_x,
          hellmonk_bongcloud_opening
D:7:      layout_rooms, minivault_4, minmay_misc_feat_roman, grunt_ministairs_4
D:8:      layout_basic, minitemple, nicolae_overflow_hidden_temple,
          david_lair_generic, kennysheep_opposing_triangles, uniq_psyche,
          uniq_joseph, uniq_erica

Skill      XL: |  1  2  3  4  5  6  7  8  9 |
---------------+----------------------------+-----
Long Blades    | 4 5 6 8 10 | 10.9
Fighting       | 4 5 6 7 |  7.3
Dodging        | 3 4 5 6 7 |  7.0
Stealth        | 1 2 |  2.6
Armour         | 3 4 |  4.6

Action                   |  1- 3 |  4- 6 |  7- 9 || total
-------------------------+-------+-------+-------++-------
Melee: Falchion          |   115 |   110 |   204 ||   429
       Headbutt          |    10 |    11 |    48 ||    69
       Punch             |       |     1 |     4 ||     5
Throw: Stone             |       |       |     1 ||     1
Invok: Berserk           |       |     5 |     7 ||    12
       Trog's Hand       |       |       |     1 ||     1
Evoke: Piece from Xom's  |       |       |     1 ||     1
  Use: Potion            |     1 |       |    11 ||    12
       Scroll            |       |       |    14 ||    14
 Stab: Sleeping          |     1 |       |       ||     1
Armor: Animal skin       |    27 |       |       ||    27
       Leather armour    |     7 |    61 |   117 ||   185
Dodge: Dodged            |    94 |    96 |   131 ||   321
